 Dungeon Crawl Stone Soup version 0.29.1-1-gd02db6906a (webtiles) character file.

Game seed: 8821293708766150380

721 KamiKatze the Chopper (level 7, -3/58 HPs)
             Began as a Palentonga Fighter on Oct 4, 2022.
             Slain by a gnoll
             ... wielding a +0 halberd
              (7 damage)
             ... on level 5 of the Dungeon.
             The game lasted 00:13:00 (4072 turns).

KamiKatze the Chopper (Palentonga Fighter)          Turns: 4072, Time: 00:13:01

Health: -3/58      AC: 13    Str: 30    XL:     7   Next: 43%
Magic:  7/7        EV:  8    Int:  8    God:
Gold:   182        SH:  4    Dex:  9    Spells: 6/6 levels left

rFire   . . .      SeeInvis +   a - +0 war axe
rCold   . . .      Faith    .   c - +0 buckler
rNeg    . . .      Spirit   .   b - +0 scale mail
rPois   +          Reflect  .   (no helmet)
rElec   .          Harm     .   (no cloak)
rCorr   .          Rampage  .   (no gloves)
Will    .....                   (no barding)
Stlth   ..........              (no amulet)
HPRegen 0.19/turn               m - +6 ring of strength
MPRegen 0.10/turn               p - ring of poison resistance

@: mighty, hasted, curled up, very quick
A: large, rugged brown scales 3, see invisible, deformed body, roll 1, armoured
tail, reflexive curl
a: Rolling Charge


You were on level 5 of the Dungeon.
You visited 1 branch of the dungeon, and saw 5 of its levels.

You collected 182 gold pieces.

Inventory:

Hand Weapons
 a - a +0 war axe (weapon)
Missiles
 l - 4 datura-tipped darts
 n - 13 poisoned darts (quivered)
Armour
 b - a +0 scale mail (worn)
 c - a +0 buckler (worn)
 s - a +0 plate armour
 t - a +0 chain mail
Jewellery
 e - a ring of willpower
 m - a +6 ring of strength (left hand)
 p - a ring of poison resistance (right hand)
 v - a ring of flight
 y - a ring of ice
Scrolls
 f - a scroll of magic mapping
 g - a scroll of teleportation
 i - a scroll of silence {unknown}
 r - a scroll of acquirement
Potions
 h - 2 potions of lignification
 j - 2 potions of attraction
 k - a potion of heal wounds {unknown}
 o - 2 potions of haste
 q - a potion of curing {unknown}
 w - a potion of berserk rage {unknown}


   Skills:
 + Level 4.4 Fighting
 * Level 5.1 Axes
 + Level 3.6 Armour
 + Level 2.4 Dodging
 - Level 4.0 Shields


You had 6 spell levels left.
You didn't know any spells.
Your spell library contained the following spells:

 Spells                   Type           Power      Damage    Failure   Level
 Summon Small Mammal      Summ           0%         N/A       73%         1
 Call Canine Familiar     Summ           0%         N/A       97%         3
 Summon Guardian Golem    Hex/Summ       0%         N/A       97%         3


Dungeon Overview and Level Annotations

Branches:
Dungeon (5/15)
 Temple: D:4-7

Altars:
Hepliaklqana
Makhleb
Vehumet
Zin

Annotations:
D:3 3 runed translucent doors, exclusion: 3 doors, decrepitue's ghost, amateur OpVM
D:4 Duvessa


Innate Abilities, Weirdness & Mutations

You are completely covered in rugged brown scales. (AC +3, +7% HP)
You have supernaturally acute eyesight. (SInv)
Armour fits poorly on your strangely shaped body.
You can roll at nearby foes to attack.
You have a long armoured tail.
You curl defensively after being hit. (AC +7*)


Message History

You are too injured to fight recklessly!
The gnoll hits you from afar with a +0 halberd.
The gnoll barely misses you. You block the gnoll's attack.
The gnoll attacks as you move away! The gnoll hits you with a +0 halberd!
* * * LOW HITPOINT WARNING * * *
The gnoll completely misses you.
Okay, then.
You feel very mighty all of a sudden.
The gnoll hits you from afar with a +0 halberd.
* * * LOW HITPOINT WARNING * * *
The gnoll hits you but does no damage.
Unknown command.
You slash the gnoll!
The gnoll is severely wounded.
The gnoll hits you with a +0 flail.
* * * LOW HITPOINT WARNING * * *
The gnoll barely misses you.
The gnoll hits you from afar with a +0 spear.
* * * LOW HITPOINT WARNING * * *
You slice the gnoll!!
You kill the gnoll!
You block the gnoll's attack. The gnoll closely misses you.
Unknown command.
It was a potion of haste.
You feel yourself speed up.
The gnoll hits you from afar with a +0 spear.
* * * LOW HITPOINT WARNING * * *
The gnoll completely misses you.
Unknown command.
The gnoll hits you from afar with a +0 halberd!
* * * LOW HITPOINT WARNING * * *
The gnoll hits you but does no damage. The gnoll barely misses you.
You slice the gnoll!!
You kill the gnoll!
You slash the gnoll! You block the gnoll's attack. x2
Unknown command.
You slice the gnoll!!
You kill the gnoll!
The gnoll hits you with a +0 halberd!
You die...

#..#...#.........#
###.##.....#######.#
###...##.............##
##.....##.....#.###.#..#
.......#......#.....#..#
##............#.._..#.##
##.........#.#.)...#.#
#.........#.#.###.#.##
##.####....#.).@g.....#####..
#.## .###..#######.........
##.# # #..................
...# .# ##...#####...###.##
##.####..# #....##.....## .#
.......................####.#
#........................#...
##.#...........##.....g....#
#.#......> ###.......#


You could see a gnoll.

Vanquished Creatures
  2 ogres
  A phantom (D:5)
  A scorpion (D:5)
  A jelly (D:5)
  5 hounds
  An orc wizard (D:4)
  An iguana (D:5)
  6 gnolls (D:5)
  4 adders
  A worm (D:3)
  4 dart slugs
  5 orcs
  11 endoplasms
  5 giant cockroaches
  5 hobgoblins
  5 quokkas
  7 ball pythons
  5 bats
  8 frilled lizards
  8 goblins
  6 kobolds
  9 rats
101 creatures vanquished.

Vanquished Creatures (others)
  A withered plant (D:2)
1 creature vanquished.

Grand Total: 102 creatures vanquished

Notes
Turn   | Place    | Note
-------+----------+-------------------------------------------
     0 | D:1      | KamiKatze the Palentonga Fighter began the quest for the
                  | Orb.
     0 | D:1      | Reached XP level 1. HP: 19/19 MP: 1/1
   175 | D:1      | Reached XP level 2. HP: 25/25 MP: 2/2
   866 | D:2      | Reached XP level 3. HP: 29/31 MP: 3/3
  1145 | D:2      | Found a faded altar of an unknown god.
  1250 | D:2      | Reached XP level 4. HP: 26/37 MP: 4/4
  1428 | D:2      | Reached skill level 3 in Axes
  1772 | D:3      | Reached skill level 1 in Dodging
  1772 | D:3      | Found a hazy altar of Hepliaklqana.
  1903 | D:3      | Reached XP level 5. HP: 43/43 MP: 5/5
  1943 | D:3      | Found a runed translucent gate.
  1943 | D:3      | Found a runed translucent gate.
  1943 | D:3      | Noticed decrepitue's ghost (amateur OpVM)
  1944 | D:3      | Found a runed translucent gate.
  1945 | D:3      | Identified the +9 mace of Supply {elec, SInv}
  2186 | D:3      | Found a burning altar of Makhleb.
  2186 | D:3      | Noticed an Executioner
  2447 | D:4      | Found a radiant altar of Vehumet.
  2822 | D:4      | Noticed Duvessa
  2850 | D:5      | Entered Level 5 of the Dungeon
  2858 | D:5      | Reached XP level 6. HP: 51/51 MP: 6/6
  3049 | D:5      | Identified a scroll of acquirement
  3068 | D:5      | Reached skill level 4 in Axes
  3525 | D:5      | Gained mutation: You curl defensively after being hit. (AC
                  | +7*) [Palentonga growth]
  3525 | D:5      | Reached XP level 7. HP: 35/57 MP: 7/7
  3949 | D:4      | Reached skill level 5 in Axes
  4025 | D:5      | Found a glowing silver altar of Zin.
  4072 | D:5      | Slain by a gnoll

Illustrated notes

Levels and vault maps discovered:
D:1:      onia_arrival_mini_spirals, layout_loops_ring
D:2:      layout_loops_cross, ebering_ecumenical_altar_petrified
D:3:      layout_loops_ring, makhleb_altar_promises_db,
          mainiacjoe_overflow_surrounded_room, biasface_ghost_orc_armoury
D:4:      minmay_angry_zag, layout_basic, mainiacjoe_overflow_six_doors_small,
          uniq_duvessa
D:5:      layout_layer_cave, mainiacjoe_overflow_cross_hatched,
          minmay_strange_pillars, hangedman_decor_opposing

Skill      XL: |  1  2  3  4  5  6  7 |
---------------+----------------------+-----
Shields        | 3 4 |  4.0
Axes           | 3 4 5 |  5.1
Dodging        | 1 2 |  2.4
Armour         | 3 |  3.6
Fighting       | 4 |  4.4

Action                   |  1- 3 |  4- 6 |  7- 9 || total
-------------------------+-------+-------+-------++-------
Melee: War axe           |   102 |   123 |    27 ||   252
       Tailslap          |    18 |    15 |     3 ||    36
Throw: Dart              |     1 |       |       ||     1
 Abil: Rolling Charge    |    33 |    25 |     4 ||    62
  Use: Scroll            |       |     9 |       ||     9
       Potion            |       |       |     2 ||     2
Armor: Scale mail        |    36 |    38 |     8 ||    82
Dodge: Dodged            |    31 |    43 |    15 ||    89
Block: Buckler           |    20 |    16 |    11 ||    47
